 Dungeon Crawl Stone Soup version 0.23.2-33-g5129a83184 (webtiles) character file.

Game seed: 2592748839383341884

79 funkygono the Covered (level 4, -4/40 HPs)
             Began as a Minotaur Fighter on July 9, 2019.
             Slain by Grinder (6 damage)
             ... on level 3 of the Dungeon.
             The game lasted 00:03:17 (1781 turns).

funkygono the Covered (Minotaur Fighter)            Turns: 1781, Time: 00:03:18

Health: -4/40      AC:  9    Str: 21    XL:     4   Next: 16%
Magic:  3/3        EV:  5    Int:  5    God:
Gold:   109        SH: 10    Dex: 13    Spells: 3/3 levels left

rFire    . . .     SeeInvis .   a - +1 flail
rCold    . . .     Gourm    .   c - +0 shield
rNeg     . . .     Faith    .   l - +0 chain mail
rPois    .         Spirit   .   (helmet restricted)
rElec    .         Reflect  .   (no cloak)
rCorr    .         Harm     .   (no gloves)
MR       .....                  (no boots)
Stlth    ..........             (no amulet)
HPRegen  0.13/turn              b - +3 ring of dexterity
MPRegen  0.08/turn              (no ring)

@: no status effects
A: retaliatory headbutt, horns 2
a: no special abilities


You were on level 3 of the Dungeon.
You were not hungry.

You visited 1 branch of the dungeon, and saw 3 of its levels.

You collected 109 gold pieces.

Inventory:

Hand Weapons
 a - a +1 flail (weapon)
Missiles
 h - 58 stones (quivered)
Armour
 c - a +0 shield (worn)
 l - a +0 chain mail (worn)
Jewellery
 b - a +3 ring of dexterity (left hand)
Scrolls
 e - a scroll of identify
Potions
 d - 2 potions of might
 k - a potion of resistance
 m - 2 potions of heal wounds
Comestibles
 f - 7 rations
 g - a chunk of flesh


   Skills:
 + Level 4.2 Fighting
 + Level 3.4 Maces & Flails
 + Level 4.4 Armour
 + Level 0.3 Dodging
 + Level 0.1 Stealth
 + Level 4.2 Shields
 + Level 0.2 Unarmed Combat


You had 3 spell levels left.
You didn't know any spells.
Your spell library was empty.

Dungeon Overview and Level Annotations

Branches:
Dungeon (3/15)

Altars:
Fedhas

Annotations:
D:3 Grinder


Innate Abilities, Weirdness & Mutations

You reflexively headbutt those who attack you in melee.
You have a pair of horns on your head.


Message History

Grinder hits you but does no damage. x2
You hit Grinder but do no damage. Your headbutt misses Grinder.
Grinder is moderately wounded.
You block Grinder's attack.
You closely miss Grinder. You headbutt Grinder, but do no damage.
Grinder is moderately wounded.
Grinder gestures at you.
You suddenly lose the ability to move!
Grinder hits you but does no damage. Grinder hits you.
You writhe in agony.
* * * LOW HITPOINT WARNING * * *
Grinder hits you!
* * * LOW HITPOINT WARNING * * *
You can move again.
You hit Grinder.
Grinder is heavily wounded.
Grinder hits you.
* * * LOW HITPOINT WARNING * * *
You writhe in agony.
You die...

##.....####
..........#
#........
#########.#
#........ #.#
#?.....# #.#
#......# #†#
#......# #.#
#......#.#
#.#####........##
#......†@5.......
#######........##
#####...>..
...### ..# ..# .#
.#


You could see Grinder.

Vanquished Creatures
  Jessica (D:3)
  An adder (D:3)
  A dart slug (D:2)
  3 leopard geckos
  4 bats
  8 goblins
  4 hobgoblins (D:1)
  A quokka (D:2)
  3 frilled lizards
  7 kobolds
  6 rats (D:1)
39 creatures vanquished.

Notes
Turn   | Place    | Note
-------+----------+-------------------------------------------
     0 | D:1      | funkygono the Minotaur Fighter began the quest for the Orb.
     0 | D:1      | Reached XP level 1. HP: 19/19 MP: 0/0
   230 | D:1      | Reached XP level 2. HP: 27/27 MP: 1/1
   944 | D:2      | Reached XP level 3. HP: 31/33 MP: 2/2
   950 | D:2      | Found a blossoming altar of Fedhas.
  1383 | D:3      | Noticed Jessica
  1422 | D:3      | Killed Jessica
  1714 | D:3      | Reached XP level 4. HP: 39/40 MP: 3/3
  1758 | D:3      | Noticed Grinder
  1768 | D:3      | Paralysed by Grinder for 5 turns
  1777 | D:3      | Paralysed by Grinder for 4 turns
  1781 | D:3      | HP: 2/40 [Grinder (1)]
  1781 | D:3      | Slain by Grinder

Skill      XL: |  1  2  3 |
---------------+----------+-----
Armour         | 4 |  4.4
Fighting       | 4 |  4.2
Shields        | 4 |  4.2
Maces & Flails | 3 |  3.4
Dodging        | |  0.3
Stealth        | |  0.1
Unarmed Combat | |  0.2

Action                   |  1- 3 |  4- 6 || total
-------------------------+-------+-------++-------
Melee: Flail             |    65 |    13 ||    78
       Headbutt          |    12 |     2 ||    14
       Unarmed           |    20 |       ||    20
  Use: Scroll            |     6 |       ||     6
  Eat: Chunk             |     2 |     1 ||     3
Armor: Scale mail        |    14 |       ||    14
       Chain mail        |    17 |     7 ||    24
Dodge: Dodged            |    38 |     3 ||    41
Block: Shield            |    37 |     2 ||    39
